 Dungeon Crawl Stone Soup version 0.23.2-40-g277498a001 (webtiles) character file.

Game seed: 9689195246744087315

35 Marnok the Charlatan (level 3, -5/27 HPs)
             Began as a Demigod Artificer on Oct 8, 2019.
             Killed from afar by a white imp (11 damage)
             ... with a puff of frost
             ... summoned by Natasha
             ... on level 2 of the Dungeon.
             The game lasted 00:03:40 (1083 turns).

Marnok the Charlatan (Demigod Artificer)            Turns: 1083, Time: 00:03:41

Health: -5/27      AC: 10    Str: 17    XL:     3   Next: 4%
Magic:  17/17      EV:  5    Int: 15    God:
Gold:   110        SH:  0    Dex: 16    Spells: 2/2 levels left

rFire    . . .     SeeInvis +   a - +0 short sword
rCold    . . .     Gourm    .   (no shield)
rNeg     . . .     Faith    .   o - +0 plate armour
rPois    .         Spirit   .   (no helmet)
rElec    .         Reflect  .   (no cloak)
rCorr    .         Harm     .   (no gloves)
MR       .....                  (no boots)
Stlth    ..........             (no amulet)
HPRegen  0.09/turn              i - ring of see invisible
MPRegen  0.15/turn              n - ring of magical power

@: no status effects
A: high mp 1
a: no special abilities


You were on level 2 of the Dungeon.
You were not hungry.

You visited 1 branch of the dungeon, and saw 2 of its levels.

You collected 110 gold pieces.

Inventory:

Hand Weapons
 a - a +0 short sword (weapon)
 q - a +2 dagger of electrocution
Missiles
 j - 6 needles of confusion
Armour
 b - a +0 leather armour
 o - a +0 plate armour (worn)
Jewellery
 i - a ring of see invisible (left hand)
 n - a ring of magical power (right hand)
 r - an uncursed ring of see invisible
Wands
 c - a wand of flame (15)
 d - a wand of enslavement (15)
 e - a wand of random effects (15)
Scrolls
 m - a scroll of fog {unknown}
Potions
 g - a potion of invisibility {unknown}
 k - a potion of curing {unknown}
 l - a potion of might {unknown}
 p - a potion of agility
Comestibles
 f - 3 rations


   Skills:
 + Level 0.9 Fighting
 + Level 1.2 Short Blades
 + Level 0.6 Armour
 + Level 2.1 Dodging
 + Level 0.8 Stealth
 + Level 3.3 Evocations


You had 2 spell levels left.
You didn't know any spells.
Your spell library was empty.

Dungeon Overview and Level Annotations

Branches:
Dungeon (2/15)

Annotations:
D:2 Natasha


Innate Abilities, Weirdness & Mutations

You have an increased reservoir of magic. (+10% MP)


Message History

The puff of frost hits you but does no damage.
Natasha claws you but does no damage.
You barely miss Natasha.
Natasha is moderately wounded.
Natasha barely misses you.
The white imp hits you but does no damage.
You hit Natasha but do no damage.
Natasha is moderately wounded.
Natasha claws you. The white imp barely misses you.
You closely miss Natasha.
Natasha is moderately wounded.
The white imp hits you.
* * * LOW HITPOINT WARNING * * *
The white imp freezes you.
* * * LOW HITPOINT WARNING * * *
Natasha claws you but does no damage. Natasha barely misses you.
The white imp gestures at you. The puff of frost hits you!
You die...

#.####..... #.
#.......... #.
#.#.##.###. #.
#...##.# ## #.
###.##.# # #.
#..##.# #
#.########...#.# #
#.#............# #
#.@....###.#.### #
#.##.....#.#..#..#
#
#.....h5.....###..#
# ####.....#..##
#..# #
#.......##...+#..##
#.#.#..##..... #..#
#.#...##...... #..
#...###...._.. ###
#.#.. #...... ##..


You could see Natasha and a white imp.

Vanquished Creatures
  An adder (D:2)
  A dart slug (D:1)
  5 bats
  3 goblins
  A hobgoblin (D:1)
  4 jackals
  A ball python (D:2)
  2 frilled lizards
  3 kobolds
  3 rats (D:1)
24 creatures vanquished.

Notes
Turn   | Place    | Note
-------+----------+-------------------------------------------
     0 | D:1      | Marnok the Demigod Artificer began the quest for the Orb.
     0 | D:1      | Reached XP level 1. HP: 15/15 MP: 5/5
   339 | D:1      | Reached skill level 3 in Evocations
   407 | D:1      | Reached XP level 2. HP: 19/22 MP: 6/6
   624 | D:1      | Reached skill level 1 in Short Blades
   872 | D:2      | Found a glowing golden altar of the Shining One.
   908 | D:2      | Reached XP level 3. HP: 18/27 MP: 8/8
  1071 | D:2      | Noticed Natasha
  1083 | D:2      | Killed from afar by a white imp

Skill      XL: |  1  2 |
---------------+-------+-----
Dodging        | 2 |  2.1
Evocations     | 3 |  3.3
Short Blades   | 1 |  1.2
Fighting       | |  0.9
Armour         | |  0.6
Stealth        | |  0.8

Action                   || total
-------------------------++-------
Melee: Short sword       ||    79
  Use: Scroll            ||     1
  Eat: Chunk             ||     1
Armor: Leather armour    ||    17
       Plate armour      ||    48
Dodge: Dodged            ||    51
